 Dungeon Crawl Stone Soup version 0.29-a0-330-g52719c12eb (webtiles) character file.

Game seed: 10287074309481984191

9 kae the Firebug (level 2, -1/15 HPs)
             Began as a Deep Elf Fire Elementalist on Apr 19, 2022.
             Slain by a goblin
             ... wielding a +0 club
              (2 damage)
             ... on level 1 of the Dungeon.
             The game lasted 00:00:07 (475 turns).

kae the Firebug (Deep Elf Fire Elementalist)         Turns: 475, Time: 00:00:07

Health: -1/15      AC:  2    Str:  5    XL:     2   Next: 3%
Magic:  5/8        EV:  9    Int: 19    God:
Gold:   16         SH:  0    Dex: 15    Spells: 6/7 levels left

rFire   . . .      SeeInvis .   (no weapon)
rCold   . . .      Faith    .   (no shield)
rNeg    . . .      Spirit   .   a - +0 robe
rPois   .          Reflect  .   (no helmet)
rElec   .          Harm     .   (no cloak)
rCorr   .          Rampage  .   (no gloves)
Will    .....                   (no boots)
Stlth   ++........              (no amulet)
HPRegen 0.05/turn               (no ring)
MPRegen 0.11/turn               (no ring)

@: constricted
A: no striking features
a: no special abilities


You were on level 1 of the Dungeon.
You visited 1 branch of the dungeon, and saw 1 of its levels.

You collected 16 gold pieces.

Inventory:

Armour
 a - a +0 robe (worn)
Scrolls
 c - a scroll of identify {unknown}
Potions
 b - a potion of magic


   Skills:
 - Level 2.4 Dodging
 - Level 2.4 Stealth
 + Level 3.2 Spellcasting
 + Level 1.4 Conjurations
 * Level 3.6 Fire Magic


You had 6 spell levels left.
You knew the following spells:

 Your Spells              Type           Power      Damage    Failure   Level
a - Foxfire               Conj/Fire      48%        2x1d6     5%          1

Your spell library contained the following spells:

 Spells                   Type           Power      Damage    Failure   Level
 Scorch                   Fire           34%        2d6       4%          2
 Conjure Flame            Conj/Fire      12%        6-21      16%         3
 Inner Flame              Hex/Fire       10%        N/A       22%         3
 Flame Wave               Conj/Fire      12%        2d6       45%         4


Dungeon Overview and Level Annotations

Branches:
Dungeon (1/15)

Altars:


Message History

Found a stone staircase leading down.
The goblin shouts!
A ball python comes into view.
The goblin closely misses you.
The ball python hisses angrily.
Casting: Foxfire (safe; 5% risk of failure)
Confirm with . or Enter, or press ? or * to list all spells.
You conjure some foxfire!
The ball python closely misses you. The ball python grabs you.
The ball python constricts you.
A quokka comes into view.
The goblin hits you with a +0 club.
The foxfire hits the ball python.
The ball python is moderately wounded.
The ball python bites you. The ball python constricts you.
The goblin hits you with a +0 club.
There are monsters nearby!
Casting: Foxfire (safe; 5% risk of failure)
Confirm with . or Enter, or press ? or * to list all spells.
You conjure some foxfire!
The ball python bites you. The ball python constricts you.
The goblin hits you with a +0 club.
* * * LOW HITPOINT WARNING * * *
The foxfire hits the goblin.
The goblin is severely wounded.
The ball python bites you.
* * * LOW HITPOINT WARNING * * *
The ball python constricts you. The ball python barely misses you.
The ball python constricts you. The goblin barely misses you.
The foxfire hits the quokka.
The quokka is severely wounded.
There are monsters nearby!
You are too injured to fight recklessly!
You are too injured to fight recklessly!
Casting: Foxfire (safe; 5% risk of failure)
Confirm with . or Enter, or press ? or * to list all spells.
You conjure some foxfire!
The quokka twitches its whiskers.
The quokka closely misses you. The ball python closely misses you.
The ball python constricts you. The quokka barely misses you.
The goblin hits you with a +0 club.
You die...

...##....#..
....#....# .# .#
.........##.## ..
....#.÷..# ..####.#
#..####.####.##....
#..#
#......##.#.######
#..#
#†..#...#.§.......
##.#
#...#.#.#r#S...#
#.#
#...#.#..v@g...#
#.#
#...#.##.v#v...#
#..
#####.##..#....#
#.. #.....#....#
#####....#...
##...#.... ...# ##.
...# ...#


You could see a quokka (ally target), a goblin (ally target) and a ball python
(ally target).

Vanquished Creatures
  2 ball pythons (D:1)
  2 bats (D:1)
  A goblin (D:1)
  2 hobgoblins (D:1)
  A frilled lizard (D:1)
8 creatures vanquished.

Vanquished Creatures (others)
  33 foxfires (D:1)
33 creatures vanquished.

Grand Total: 41 creatures vanquished

Notes
Turn   | Place    | Note
-------+----------+-------------------------------------------
     0 | D:1      | kae the Deep Elf Fire Elementalist began the quest for the
                  | Orb.
     0 | D:1      | Reached XP level 1. HP: 10/10 MP: 6/6
   253 | D:1      | Reached XP level 2. HP: 5/15 MP: 2/8
   475 | D:1      | Slain by a goblin

Illustrated notes

Levels and vault maps discovered:
D:1:      dpeg_arrival_concentric_ovals, layout_basic

Action                   || total
-------------------------++-------
Melee: Unarmed           ||     2
 Cast: Foxfire           ||    20
Dodge: Dodged            ||    10

Table legend: (Time is in decaauts)
 A = Elapsed time spent in this place.
 B = Non-inter-level travel time spent in this place.
 C = Inter-level travel time spent in this place.
 D = Time resting spent in this place.
 E = Time spent auto-exploring this place.
 F = Levels seen in this place.
 G = Mean time per level.
                   A        B        C        D        E       F      G
               +--------+--------+--------+--------+--------+-----+--------+
         Total |    475 |    475 |      0 |      0 |    414 |   1 |  475.0 |
       Dungeon |    475 |    475 |      0 |      0 |    414 |   1 |  475.0 |
               +--------+--------+--------+--------+--------+-----+--------+

Top non-repeatable levels by time:
     D:1: 475 daAuts
